 Dungeon Crawl Stone Soup version 0.29-a0-492-g10b964d8d7 (webtiles) character file.

Game seed: 7880729590014279056

51 Ijustatesigmund the Firebug (level 3, 0/26 HPs)
             Began as a Gnoll Fire Elementalist on May 27, 2022.
             Slain by a vampire (10 damage)
             ... on level 1 of the Abyss.
             The game lasted 00:03:08 (2342 turns).

Ijustatesigmund the Firebug (GnFE)                  Turns: 2342, Time: 00:03:09

Health: 0/26       AC:  4    Str:  5 (7)  XL:     3   Next: 83%
Magic:  3/9        EV: 13    Int: 13 (16) God:
Gold:   103        SH:  0    Dex: 11 (12) Spells: 9/12 levels left

rFire   . . .      SeeInvis .   c - +2 spear (freeze)
rCold   . . .      Faith    .   (no shield)
rNeg    . . .      Spirit   .   a - +0 robe
rPois   .          Reflect  .   (no helmet)
rElec   .          Harm     .   (no cloak)
rCorr   .          Rampage  .   n - +0 pair of gloves
Will    .....                   j - +0 pair of boots
Stlth   ++........              (no amulet)
HPRegen 0.08/turn               (no ring)
MPRegen 0.11/turn               (no ring)

@: no status effects
A: fangs 1, strong nose, distributed training
a: no special abilities


You were on level 1 of the Abyss.
You visited 1 branch of the dungeon, and saw 3 of its levels.
You visited the Abyss 1 time.

You collected 103 gold pieces.

Inventory:

Hand Weapons
 c - a +2 spear of freezing (weapon)
Armour
 a - a +0 robe (worn)
 g - a +3 leather armour
 j - a +0 pair of boots (worn)
 n - a +0 pair of gloves (worn)
Magical Staves
 h - a staff of conjuration
Scrolls
 e - a scroll of blinking {unknown}
 o - a scroll of amnesia
Potions
 b - a potion of magic
 d - a potion of brilliance
 f - a potion of flight
 k - a potion of attraction {unknown}
 p - a potion of might {unknown}


   Skills:
 + Level 1.0 Fighting
 + Level 1.0 Short Blades
 + Level 1.0 Long Blades
 + Level 1.0 Axes
 + Level 1.0 Maces & Flails
 + Level 1.0 Polearms
 + Level 1.0 Staves
 + Level 1.0 Slings
 + Level 1.0 Bows
 + Level 1.0 Crossbows
 + Level 1.0 Throwing
 + Level 1.0 Armour
 + Level 4.6 Dodging
 + Level 4.2 Stealth
 + Level 1.0 Shields
 + Level 1.0 Unarmed Combat
 + Level 5.0 Spellcasting
 + Level 2.1 Conjurations
 + Level 0.7 Hexes
 + Level 0.7 Summonings
 + Level 0.7 Necromancy
 + Level 0.7 Translocations
 + Level 0.7 Transmutations
 + Level 5.4 Fire Magic
 + Level 0.7 Ice Magic
 + Level 0.7 Air Magic
 + Level 0.7 Earth Magic
 + Level 0.7 Poison Magic
 + Level 1.0 Invocations
 + Level 1.0 Evocations


You had 9 spell levels left.
You knew the following spells:

 Your Spells              Type           Power      Damage    Failure   Level
a - Foxfire               Conj/Fire      52%        2x1d6     4%          1
b - Scorch                Fire           34%        2d7       3%          2

Your spell library contained the following spells:

 Spells                   Type           Power      Damage    Failure   Level
 Conjure Flame            Conj/Fire      13%        6-21      12%         3
 Inner Flame              Hex/Fire       11%        N/A       16%         3
 Flame Wave               Conj/Fire      13%        2d6       36%         4


Dungeon Overview and Level Annotations

Branches:
Dungeon (3/15)

Altars:

Annotations:
D:3 Terence


Innate Abilities, Weirdness & Mutations

You have very sharp teeth.
Your uncanny sense of smell can sniff out nearby items.
Your experience applies equally to all skills.


Message History

* * * LOW HITPOINT WARNING * * *
It was a potion of degeneration.
There was something very wrong with that liquid.
You feel weakened.
You feel dopey.
You feel clumsy. Terence misses you.
It was a potion of heal wounds.
You feel much better.
Terence hits you with a +1 falchion of distortion.
You are cast into the Abyss!
This branch contains the abyssal rune of Zot.
Okay, then.
As you read the scroll of identify, it crumbles to dust.
f - a potion of flight You start resting.
HP restored.
Magic restored.
A large abomination comes into view.
There is an empty arch of ancient stone here.
A vampire comes into view.
You start waiting.
A vampire is nearby!
Casting: Scorch (safe; 3% risk of failure)
Confirm with . or Enter, or press ? or * to list all spells.
Flames lash the vampire.
The vampire is moderately damaged.
The vampire's fire resistance burns away.
The vampire hits you but does no damage.
The vampire bites you!
The vampire draws strength from your injuries!
Casting: Scorch (safe; 3% risk of failure)
Confirm with . or Enter, or press ? or * to list all spells.
Flames lash the vampire but do no damage.
The vampire closely misses you. The vampire bites you.
The vampire draws strength from your injuries!
The vampire hits you. The vampire completely misses you.
Casting: Scorch (safe; 3% risk of failure)
Confirm with . or Enter, or press ? or * to list all spells.
Flames lash the vampire.
The vampire is lightly damaged.
The vampire hits you. The vampire bites you!
You die...

#. .# . . ## ....
. .. ## . # # #.#
..#.#.##.#
....##..#
∩....##### ######
# .#. .
####V@..## .# #
.. .##..##...# #
. ...#.#.#### ##
.##.###.#.#.....#
. #. ###. ....# .
.. .. # #...##
..# . #. .#.#. ##
## # ... .#. .
.#.. .


You could see a vampire (combustible).

Vanquished Creatures
  2 adders (D:2)
  2 dart slugs (D:2)
  4 endoplasms
  A giant cockroach (D:2)
  5 goblins
  2 hobgoblins (D:1)
  2 jackals (D:1)
  3 kobolds
  2 quokkas (D:1)
  A bat (D:1)
  2 frilled lizards (D:1)
  A rat (D:2)
27 creatures vanquished.

Vanquished Creatures (others)
  42 foxfires
42 creatures vanquished.

Grand Total: 69 creatures vanquished

Notes
Turn   | Place    | Note
-------+----------+-------------------------------------------
     0 | D:1      | Ijustatesigmund the Gnoll Fire Elementalist began the quest
                  | for the Orb.
     0 | D:1      | Reached XP level 1. HP: 13/13 MP: 6/6
   256 | D:1      | Reached XP level 2. HP: 6/19 MP: 3/7
   259 | D:1      | Learned a level 2 spell: Scorch
   929 | D:1      | Found a faded altar of an unknown god.
  1326 | D:2      | Reached XP level 3. HP: 25/25 MP: 6/9
  1357 | D:2      | Reached skill level 5 in Spellcasting
  1636 | D:2      | Reached skill level 1 in Invocations
  1788 | D:2      | Reached skill level 1 in Fighting
  1788 | D:2      | Reached skill level 1 in Short Blades
  1788 | D:2      | Reached skill level 1 in Long Blades
  1788 | D:2      | Reached skill level 1 in Axes
  1788 | D:2      | Reached skill level 1 in Maces & Flails
  1788 | D:2      | Reached skill level 1 in Polearms
  1788 | D:2      | Reached skill level 1 in Staves
  1788 | D:2      | Reached skill level 1 in Slings
  1788 | D:2      | Reached skill level 1 in Bows
  1788 | D:2      | Reached skill level 1 in Crossbows
  1788 | D:2      | Reached skill level 1 in Throwing
  1788 | D:2      | Reached skill level 1 in Armour
  1788 | D:2      | Reached skill level 1 in Shields
  1788 | D:2      | Reached skill level 1 in Unarmed Combat
  1788 | D:2      | Reached skill level 1 in Evocations
  2226 | D:3      | Noticed Terence
  2236 | D:3      | Cast into level 1 of the Abyss (Terence)
  2305 | Abyss:1  | Noticed a large abomination
  2330 | Abyss:1  | Noticed a vampire
  2342 | Abyss:1  | Slain by a vampire

Illustrated notes

Levels and vault maps discovered:
D:1:      onia_arrival_pyramid, layout_basic,
          hellmonk_ecumenical_altar_crossroads
D:2:      layout_loops_corners
D:3:      layout_basic, minmay_fountain_box, minmay_joined_circles, uniq_terence
Abyss:1:  base: Temple, bh_abyss_exit_grid

Skill      XL: |  1  2  3 |
---------------+----------+-----
Conjurations   | 2 |  2.1
Spellcasting   | 5 |  5.0
Invocations    | 1 |  1.0
Fighting       | 1 |  1.0
Short Blades   | 1 |  1.0
Long Blades    | 1 |  1.0
Axes           | 1 |  1.0
Maces & Flails | 1 |  1.0
Polearms       | 1 |  1.0
Staves         | 1 |  1.0
Slings         | 1 |  1.0
Bows           | 1 |  1.0
Crossbows      | 1 |  1.0
Throwing       | 1 |  1.0
Armour         | 1 |  1.0
Shields        | 1 |  1.0
Unarmed Combat | 1 |  1.0
Evocations     | 1 |  1.0
Dodging        | |  4.6
Stealth        | |  4.2
Hexes          | |  0.7
Summonings     | |  0.7
Necromancy     | |  0.7
Translocations | |  0.7
Transmutations | |  0.7
Fire Magic     | |  5.4
Ice Magic      | |  0.7
Air Magic      | |  0.7
Earth Magic    | |  0.7
Poison Magic   | |  0.7

Action                   || total
-------------------------++-------
Melee: Spear             ||    44
       Bite              ||     2
       Punch             ||     1
 Cast: Foxfire           ||    23
       Scorch            ||    11
  Use: Scroll            ||     3
       Potion            ||     2
 Stab: Sleeping          ||     5
Armor: Robe              ||     8
Dodge: Dodged            ||    28

Table legend: (Time is in decaauts)
 A = Elapsed time spent in this place.
 B = Non-inter-level travel time spent in this place.
 C = Inter-level travel time spent in this place.
 D = Time resting spent in this place.
 E = Time spent auto-exploring this place.
 F = Levels seen in this place.
 G = Mean time per level.
                   A        B        C        D        E       F      G
               +--------+--------+--------+--------+--------+-----+--------+
         Total |   2343 |   2258 |     85 |    507 |   1453 |   4 |  585.8 |
       Dungeon |   2237 |   2152 |     85 |    447 |   1443 |   3 |  745.7 |
         Abyss |    105 |    105 |      0 |     60 |     10 |   1 |  105.0 |
               +--------+--------+--------+--------+--------+-----+--------+

Top non-repeatable levels by time:
     D:1: 1246 daAuts
     D:2: 982 daAuts
 Abyss:1: 105 daAuts
     D:3: 9 daAuts
